 Dungeon Crawl Stone Soup version 0.29.1-debian-1-gc3f1650bb9 (webtiles) character file.

Game seed: 13384121246767155530

441 zishaf the Trooper (level 7, -7/64 HPs)
             Began as an Ogre Chaos Knight on Sept 12, 2022.
             Was a Plaything of Xom.
             Mangled by a gnoll
             ... wielding a +0 halberd
              (12 damage)
             ... on level 5 of the Dungeon.
             The game lasted 00:08:07 (4955 turns).

zishaf the Trooper (Ogre Chaos Knight)              Turns: 4955, Time: 00:08:09

Health: -7/64      AC:  4    Str: 19    XL:     7   Next: 2%
Magic:  11/11      EV:  9    Int: 11    God:    Xom [......]
Gold:   234        SH:  0    Dex:  8    Spells: 9/12 levels left

rFire   . . .      SeeInvis .   a - +1 mace (vamp)
rCold   . . .      Faith    .   q - orb {light}
rNeg    . . .      Spirit   .   b - +2 robe
rPois   .          Reflect  .   (helmet restricted)
rElec   .          Harm     .   (no cloak)
rCorr   .          Rampage  .   (gloves unavailable)
Will    .....                   (boots unavailable)
Stlth   +.........              (no amulet)
HPRegen 0.20/turn               (no ring)
MPRegen 0.12/turn               (no ring)

@: mighty, lethally poisoned (-7 -> -14), hasted, glowing, unable to read, very
quick
A: large, unfitting armour, tough skin 1, deformed body, deterioration 1, dopey
1, frail 1, no potion heal 1, inability to read after injury 1, MP-powered wands
a: Renounce Religion


You were on level 5 of the Dungeon.
You worshipped Xom.
You were a very special plaything of Xom.
You visited 1 branch of the dungeon, and saw 5 of its levels.

You collected 234 gold pieces.

Inventory:

Hand Weapons
 a - a +1 vampiric mace (weapon)
Missiles
 e - 3 javelins
 m - 5 boomerangs
Armour
 b - a +2 robe (worn)
 i - a scarf of harm
 q - an orb of light (worn)
Jewellery
 h - an amulet of magic regeneration
Wands
 j - a wand of iceblast (18)
Scrolls
 d - a scroll of enchant weapon
 l - a scroll of enchant armour
 o - a scroll of teleportation
Potions
 n - a potion of curing
 r - a potion of ambrosia
 s - a potion of invisibility
Miscellaneous
 c - a piece from Xom's chessboard (15/15) (quivered)


   Skills:
 + Level 5.5 Fighting
 + Level 4.4 Maces & Flails
 - Level 2.1 Dodging
 + Level 3.0 Spellcasting
 * Level 1.9 Conjurations
 - Level 1.4 Translocations
 * Level 1.8 Fire Magic


You had 9 spell levels left.
You knew the following spells:

 Your Spells              Type           Power      Damage    Failure   Level
A - Foxfire               Conj/Fire      20%        2x1d5     12%         1
B - Blink                 Tloc           8%         N/A       22%         2

Your spell library contained the following spells:

 Spells                   Type           Power      Damage    Failure   Level
 Beastly Appendage        Tmut           2%         N/A       26%         1
 Necrotise                Necr           4%         1d4       26%         1
 Wereblood                Tmut           1%         N/A       36%         2
 Lesser Beckoning         Tloc           4%         N/A       41%         3
 Kindle Blastsparks       Fire/Tloc/Air  8%         2d10      45%         3
 Inner Flame              Hex/Fire       3%         N/A       47%         3
 Spider Form              Tmut/Pois      1%         N/A       61%         3
 Vampiric Draining        Necr           1%         2d6       61%         3
 Flame Wave               Conj/Fire      5%         2d5       75%         4
 Manifold Assault         Tloc           4%         N/A       82%         4
 Agony                    Necr           1%         N/A       100%        5
 Storm Form               Tmut/Air       0%         N/A       100%        7


Dungeon Overview and Level Annotations

Branches:
Dungeon (5/15)
 Temple: D:4-7

Altars:
Wu Jian
Yredelemnul


Innate Abilities, Weirdness & Mutations

You are too large for most types of armour.
You have tough skin. (AC +1)
Armour fits poorly on your strangely shaped body.
Your body sometimes deteriorates upon taking damage.
You are dopey. (Int -2)
You are frail. (-10% HP)
Potions are less effective at restoring your health.
You occasionally lose the ability to read scrolls when taking damage.
You expend magic power (3 MP) to strengthen your wands.


Message History

The gnoll hits you from afar with a +0 spear!
* * * LOW HITPOINT WARNING * * *
You feel very mighty all of a sudden.
The glowing orange brain pulsates.
You hit the glowing orange brain.
The glowing orange brain is lightly wounded.
The gnoll hits you from afar with a +0 spear.
* * * LOW HITPOINT WARNING * * *
The gnoll closely misses you. The scorpion closely misses you.
You bludgeon the glowing orange brain!!
You feel better.
The glowing orange brain is moderately wounded.
The gnoll closely misses you. The gnoll barely misses you.
The scorpion barely misses you.
You sock the glowing orange brain!
The glowing orange brain is severely wounded.
The glowing orange brain changes into a snapping turtle!
The gnoll closely misses you. The gnoll hits you but does no damage.
The adder bites you but does no damage.
You sock the snapping turtle!
You feel better.
The snapping turtle is moderately wounded.
The scorpion stings you. The adder barely misses you.
You hit the snapping turtle.
The snapping turtle is moderately wounded.
The snapping turtle changes into a swamp worm!
The scorpion stings you but does no damage.
The gnoll hits you from afar with a +0 spear.
* * * LOW HITPOINT WARNING * * *
The gnoll hits you from afar with a +0 halberd!
* * * LOW HITPOINT WARNING * * *
The adder bites you but does no damage.
Unknown command.
You sock the swamp worm!
The swamp worm is moderately wounded.
The scorpion stings you.
* * * LOW HITPOINT WARNING * * *
You are lethally poisoned!
The scorpion poisons you!
The gnoll hits you from afar with a +0 halberd!
You die...
Xom chortles!

#... #.#
######.###.#
##...#...##.##
.........)...##
#............###
#####.........#
##...##......#.#
#.8g8.#.....##.#
#@Sg..#.##.###.#
#ws.8.#....# #.#
#+(..####### #.#
#### #.# #.# #.#
#.# # #.### #.
#....


You could see a swamp worm shaped shifter, a scorpion (summoned), 2 gnolls and
an adder (summoned).

Vanquished Creatures
  A necrophage (D:5)
  A bullfrog (D:4)
  A hound (D:4)
  Jessica (D:2)
  An iguana (D:4)
  An orc wizard (D:4)
  Robin (D:2)
  A gnoll (D:5)
  A river rat (D:2)
  5 adders
  An ufetubus (D:3)
  3 worms (D:3)
  5 dart slugs
  15 orcs
  5 bats
  10 endoplasms
  4 giant cockroaches
  12 goblins
  9 hobgoblins
  7 jackals
  2 quokkas
  5 ball pythons
  A frilled lizard (D:2)
  5 kobolds
  3 rats
101 creatures vanquished.

Notes
Turn   | Place    | Note
-------+----------+-------------------------------------------
     0 | D:1      | zishaf the Ogre Chaos Knight began the quest for the Orb.
     0 | D:1      | Reached XP level 1. HP: 24/24 MP: 1/1
    25 | D:1      | XOM: silly message
    48 | D:1      | Reached XP level 2. HP: 20/32 MP: 2/2
   252 | D:1      | XOM: divination: detect items
   285 | D:1      | Reached skill level 1 in Spellcasting
   641 | D:1      | Reached XP level 3. HP: 39/40 MP: 4/4
   644 | D:1      | Learned a level 2 spell: Blink
  1148 | D:2      | Noticed Robin
  1161 | D:2      | XOM: enchant monster (bad)
  1518 | D:2      | Noticed Jessica
  1694 | D:2      | Killed Robin
  1695 | D:2      | Reached XP level 4. HP: 46/49 MP: 6/6
  1702 | D:2      | Killed Jessica
  1719 | D:2      | XOM: give mutations
  1719 | D:2      | Gained mutation: You expend magic power (3 MP) to
                  | strengthen your wands. [Xom's mischief]
  1719 | D:2      | Gained mutation: Armour fits poorly on your strangely
                  | shaped body. [Xom's mischief]
  1772 | D:2      | Reached skill level 1 in Translocations
  2155 | D:2      | Found a faded altar of an unknown god.
  2345 | D:2      | Reached XP level 5. HP: 53/55 MP: 8/8
  2491 | D:3      | Reached skill level 5 in Fighting
  2542 | D:3      | Found a basalt altar of Yredelemnul.
  3059 | D:3      | Found a glowing drain.
  3681 | D:3      | Learned a level 1 spell: Foxfire
  3868 | D:4      | HP: 1/57 [hound (8)]
  3870 | D:4      | Reached XP level 6. HP: 1/66 MP: 9/9
  4004 | D:3      | XOM: give mutations
  4004 | D:3      | Gained mutation: You occasionally lose the ability to read
                  | scrolls when taking damage. [Xom's mischief]
  4004 | D:3      | Gained mutation: Potions are less effective at restoring
                  | your health. [Xom's mischief]
  4226 | D:4      | Reached skill level 1 in Conjurations
  4232 | D:4      | XOM: confusion (+ monsters)
  4244 | D:4      | Reached skill level 1 in Fire Magic
  4262 | D:4      | XOM: 2-stop teleportation journey
  4726 | D:4      | XOM: give mutations
  4726 | D:4      | Gained mutation: Your body sometimes deteriorates upon
                  | taking damage. [Xom's mischief]
  4726 | D:4      | Gained mutation: You are frail. (-10% HP) [Xom's mischief]
  4726 | D:4      | Gained mutation: You are dopey. (Int -2) [Xom's mischief]
  4741 | D:5      | Entered Level 5 of the Dungeon
  4796 | D:5      | XOM: god gift: wand of iceblast (5)
  4839 | D:5      | Reached XP level 7. HP: 52/64 MP: 11/11
  4931 | D:5      | XOM: noise
  4941 | D:5      | Found an ornate altar of the Wu Jian Council.
  4941 | D:5      | XOM: 3-stop teleportation journey
  4947 | D:5      | Noticed a glowing shapeshifter
  4947 | D:5      | a gnoll changed into a glowing shapeshifter
  4947 | D:5      | XOM: polymorph gnoll -> glowing shapeshifter
  4947 | D:5      | Noticed a glowing orange brain
  4947 | D:5      | a glowing shapeshifter changed into a glowing orange brain
  4952 | D:5      | Noticed a snapping turtle
  4952 | D:5      | a glowing orange brain changed into a snapping turtle
  4954 | D:5      | Noticed a swamp worm
  4954 | D:5      | a snapping turtle changed into a swamp worm
  4955 | D:5      | Mangled by a gnoll

Illustrated notes

Levels and vault maps discovered:
D:1:      lightli_arrival_maybe_door_vault, layout_basic
D:2:      layout_loops_ring, ebering_ecumenical_altar_mist, uniq_robin,
          uniq_jessica
D:3:      layout_basic, mainiacjoe_overflow_24_doors,
          cheibrodos_sewer_entry_bend
D:4:      layout_rooms
D:5:      layout_loops_ring, grunt_temple_overflow_cloverleaf, minmay_between,
          uniq_menkaure

Skill      XL: |  1  2  3  4  5  6 |
---------------+-------------------+-----
Maces & Flails | 3 4 |  4.4
Spellcasting   | 1 2 3 |  3.0
Translocations | 1 |  1.4
Fighting       | 5 |  5.5
Conjurations   | 1 |  1.9
Fire Magic     | 1 |  1.8
Dodging        | |  2.1

Action                   |  1- 3 |  4- 6 |  7- 9 || total
-------------------------+-------+-------+-------++-------
Melee: Mace              |   117 |   192 |    12 ||   321
       Punch             |     1 |     1 |       ||     2
  Use: Scroll            |       |    14 |       ||    14
       Potion            |       |     1 |     3 ||     4
 Stab: Sleeping          |     1 |       |     1 ||     2
       Confused          |       |     1 |       ||     1
Armor: Robe              |    74 |    55 |     7 ||   136
Dodge: Dodged            |    94 |    97 |    17 ||   208
